 Dungeon Crawl Stone Soup version 0.22-a0-274-gf8199ec (webtiles) character file.

31871 varam the Grappler (level 13, -4/126 (127) HPs)
             Began as a Troll Monk on Mar 13, 2018.
             Was a High Priest of Okawaru.
             Slain by a seven-headed hydra (11 damage)
             ... on level 4 of the Lair of Beasts.
             The game lasted 00:52:21 (14546 turns).

varam the Grappler (Troll Monk)                    Turns: 14546, Time: 00:52:22

HP:   -4/126 (127)  AC:  9    Str: 24    XL:     13   Next: 28%
MP:   24/25         EV: 18    Int: 10    God:    Okawaru [*****.]
Gold: 917           SH:  0    Dex: 12    Spells: 10/18 levels left

rFire    + . .     SeeInvis +     - Unarmed
rCold    . . .     Gourm    +   (no shield)
rNeg     . . .     Faith    .   f - +2 robe of the Bells {+Fly MP+9 Str+2}
rPois    .         Spirit   .   a - +2 hat
rElec    .         Reflect  .   (no cloak)
rCorr    .         Harm     .   (gloves unavailable)
MR       .....                  (boots unavailable)
Stlth    +++.......             (no amulet)
HPRegen  0.71/turn              y - ring of see invisible
MPRegen  0.19/turn              G - ring of protection from fire

@: heroism
A: large, unfitting armour, claws 3, fast metabolism 3, gourmand, regeneration
1, shaggy fur 1, tough skin 2
a: Heroism, Finesse, Renounce Religion, Evoke Flight


You were on level 4 of the Lair of Beasts.
You worshipped Okawaru.
Okawaru was extremely pleased with you.
You were full.

You visited 2 branches of the dungeon, and saw 16 of its levels.

You collected 937 gold pieces.
You spent 20 gold pieces at shops.

Inventory:

Hand Weapons
 U - a +3 great mace of draining
Missiles
 x - 8 steel tomahawks
 I - 17 tomahawks
 J - 5 tomahawks of returning
 R - 2 large rocks (quivered)
Armour
 a - a +2 hat (worn)
 f - the +2 robe of the Bells (worn) {+Fly MP+9 Str+2}
   (Okawaru gifted it to you on level 7 of the Dungeon)

   It affects your strength (+2).
   It affects your magic capacity (+9).
   It lets you fly.
Jewellery
 y - a ring of see invisible (left claw)
 G - a ring of protection from fire (right claw)
 W - a cursed ring of teleportation {unknown}
Wands
 g - a wand of flame (44)
 o - a wand of disintegration (11)
 q - a wand of random effects (43)
 C - a wand of scattershot (6)
 D - a wand of acid (5)
 H - a wand of clouds (6)
 P - a wand of iceblast (7)
 Q - a wand of polymorph (18)
 S - a wand of paralysis (11)
 X - a wand of enslavement (15)
Scrolls
 c - a scroll of fog
 h - 15 scrolls of remove curse
 k - 4 scrolls of enchant armour
 p - 4 scrolls of amnesia
 t - 2 scrolls of fear
 E - a scroll of immolation
 F - 6 scrolls of teleportation
 K - 2 scrolls of magic mapping {unknown}
 L - a scroll of vulnerability {unknown}
 M - a scroll of torment {unknown}
 N - a scroll of brand weapon {unknown}
 O - 6 scrolls of blinking
 T - 3 scrolls of identify
 V - a scroll of noise {unknown}
Potions
 d - 3 potions of agility
 e - a potion of brilliance
 i - a potion of degeneration
 j - 2 potions of flight
 l - 3 potions of mutation
 m - 2 potions of heal wounds
 n - 3 potions of haste
 r - 3 potions of might {unknown}
 s - a potion of ambrosia {unknown}
 u - a potion of berserk rage {unknown}
 v - a potion of magic {unknown}
 w - 3 potions of lignification
 z - 2 potions of invisibility {unknown}
 A - a potion of cancellation {unknown}
 B - 8 potions of curing
Comestibles
 b - 35 rations


   Skills:
 + Level 8.2(13.2) Fighting
 + Level 8.3(13.3) Throwing
 + Level 10.2(15.2) Dodging
 - Level 1.1(6.1) Stealth
 - Level 11.4(16.4) Unarmed Combat
 - Level 3.0 Spellcasting
 - Level 3.0 Charms
 - Level 3.0 Necromancy
 - Level 5.9 Invocations


You had 10 spell levels left.
You knew the following spells:

 Your Spells              Type           Power        Failure   Level  Hunger
a - Song of Slaying       Chrm           #.......     12%         2    ###....
b - Passwall              Tmut/Erth      #.........   38%         2    ###....
c - Infusion              Chrm           #...         8%          1    #......
d - Regeneration          Chrm/Necr      #.........   24%         3    ###....


Dungeon Overview and Level Annotations

Branches:
Dungeon (12/15)            Temple (0/1) D:7            Lair (4/6) D:10
  Swamp (0/4) Lair:2        Snake (0/4) Lair:4
    Orc: D:9-12

Altars:
Ashenzari
Fedhas
Makhleb
Nemelex Xobeh
Okawaru
Uskayaw
Vehumet
Wu Jian

Shops:
D:5 *   D:6 [

Portals:
Trove: D:11 (give robe of Folly)


Innate Abilities, Weirdness & Mutations

You are too large for most types of armour.
You have claws for hands.
Your metabolism is lightning-fast.
You like to eat raw meat.
Your natural rate of healing is unusually fast.
You are covered in fur. (AC +1)
You have very tough skin. (AC +2)


Message History

* * * LOW HITPOINT WARNING * * *
The seven-headed hydra bites you but does no damage. x2
The seven-headed hydra bites you.
* * * LOW HITPOINT WARNING * * *
The seven-headed hydra bites you.
* * * LOW HITPOINT WARNING * * *
The seven-headed hydra closely misses you.
The seven-headed hydra bites you but does no damage.
The seven-headed hydra bites you.
* * * LOW HITPOINT WARNING * * *
The seven-headed hydra bites you!
* * * LOW HITPOINT WARNING * * *
Throwing (i - inventory. (/) - cycle)
R - 3 large rocks (quivered)
Press: ? - help, Shift-Dir - straight line, f/p - seven-headed hydra
Aim: a seven-headed hydra (severely wounded, covered in acid)
You throw a large rock.
The large rock hits the seven-headed hydra.
The seven-headed hydra is severely wounded.
The seven-headed hydra bites you!
You die...

#P..##.#.....
##...###......
#...#.#....#..
#...##..####..
##>....####..# ###
##.#..##...## ####.##
######...## #.....##
##....# # #(D@..P#
##....####
#....#...####....#.##.
##..###...##..........
..## #........#.....#
#. ##....####P..##. ..
##P### #....### . ###
##..## #...# #P.##


You could see a seven-headed hydra.

Vanquished Creatures
  3 hydras
  4 two-headed ogres
  6 death yaks (Lair:3)
  A tengu warrior (D:10)
  Pikel (D:5)
  An ugly thing (D:11)
  A manticore (D:12)
  4 elephants (Lair:3)
  4 black mambas (Lair:2)
  7 spiny frogs
  A gargoyle (D:12)
  2 komodo dragons
  A tyrant leech (Lair:2)
  A troll (D:12)
  7 blink frogs
  Prince Ribbit (D:5)
  11 hippogriffs
  22 yaks
  Sigmund (D:2)
  A wyvern (Lair:4)
  3 hungry ghosts
  Menkaure (D:7)
  Edmund (D:5)
  4 water moccasins
  2 hell hounds (D:10)
  10 porcupines
  4 phantoms
  3 eyes of draining
  3 ice beasts
  7 orc warriors
  4 black bears
  4 sky beasts
  A slave (D:5)
  A necrophage (D:10)
  A wolf (Lair:2)
  5 ogres
  3 centaurs
  3 crocodiles
  3 big kobolds
  Blork the orc (D:5)
  6 bullfrogs
  A scorpion (D:9)
  2 electric eels (D:6)
  A howler monkey (D:7)
  8 crimson imps
  2 centaur zombies (D:11)
  10 orc wizards
  A bullfrog zombie (D:12)
  5 hounds
  5 orc priests
  A jelly (D:11)
  A bullfrog skeleton (D:10)
  5 centaur skeletons
  4 iguanas
  7 worker ants
  2 hound zombies
  A hound skeleton (D:7)
  2 worker ant zombies
  11 gnolls
  10 adders
  2 shadow imps
  An ooze (D:4)
  An adder zombie (D:5)
  2 worms
  2 dart slugs
  5 leopard geckos
  56 orcs
  8 bats
  5 giant cockroaches
  9 goblins
  9 hobgoblins
  19 jackals
  4 quokkas
  4 frilled lizards
  25 kobolds
  A quokka zombie (D:7)
  8 rats
  A bush (Lair:4)
  A fungus (Lair:2)
392 creatures vanquished.

Vanquished Creatures (others)
  A bush (Lair:3)
  2 fungi
  2 plants (Lair:3)
5 creatures vanquished.

Grand Total: 397 creatures vanquished

Notes
Turn   | Place    | Note
-------+----------+-------------------------------------------
     0 | D:1      | varam the Troll Monk began the quest for the Orb.
     0 | D:1      | Reached XP level 1. HP: 22/22 MP: 0/0
     2 | D:1      | Noticed an octopode
     2 | D:1      | Noticed a ghoul
     4 | D:1      | Noticed a centaur
     4 | D:1      | Noticed a formicid
     6 | D:1      | Noticed a troll
     6 | D:1      | Noticed a gargoyle
     9 | D:1      | Noticed a halfling
    11 | D:1      | Noticed a minotaur
    11 | D:1      | Noticed a merfolk
    13 | D:1      | Noticed a demigod
    13 | D:1      | Noticed an ogre
    15 | D:1      | Noticed a dwarf
    15 | D:1      | Noticed a vine stalker
    17 | D:1      | Noticed a spriggan
    17 | D:1      | Noticed a felid
    19 | D:1      | Noticed a draconian
    21 | D:1      | Noticed a vampire
    21 | D:1      | Noticed a human
    23 | D:1      | Noticed an elf
    25 | D:1      | Noticed a naga
    27 | D:1      | Noticed a tengu
    27 | D:1      | Noticed a demonspawn
   120 | D:1      | Reached XP level 2. HP: 28/29 MP: 1/1
   608 | D:1      | Reached XP level 3. HP: 36/36 MP: 2/2
   666 | D:2      | Reached skill level 4 in Unarmed Combat
   702 | D:2      | Found an iron altar of Okawaru.
   707 | D:2      | Became a worshipper of Warmaster Okawaru
   707 | D:2      | Reached * piety under Okawaru
   707 | D:2      | Reached ** piety under Okawaru
   720 | D:2      | Noticed Sigmund
   745 | D:2      | Killed Sigmund
   745 | D:2      | Reached skill level 6 in Unarmed Combat
   745 | D:2      | Reached XP level 4. HP: 38/44 MP: 0/3
   745 | D:2      | Reached XP level 5. HP: 43/50 MP: 0/4
  1440 | D:3      | Reached XP level 6. HP: 59/59 MP: 5/5
  1540 | D:3      | Reached *** piety under Okawaru
  1540 | D:3      | Reached skill level 7 in Unarmed Combat
  1802 | D:4      | Found a sparkling altar of Nemelex Xobeh.
  2000 | D:4      | Reached skill level 8 in Unarmed Combat
  2000 | D:4      | Reached XP level 7. HP: 55/66 MP: 6/6
  2367 | D:5      | Entered Level 5 of the Dungeon
  2393 | D:6      | Reached skill level 1 in Throwing
  2393 | D:6      | Reached skill level 1 in Invocations
  2426 | D:5      | Noticed Edmund
  2433 | D:5      | Killed Edmund
  2433 | D:5      | Reached skill level 3 in Fighting
  2433 | D:5      | Reached skill level 3 in Dodging
  2683 | D:5      | Reached skill level 2 in Throwing
  2683 | D:5      | Reached skill level 2 in Invocations
  2696 | D:5      | Reached XP level 8. HP: 75/75 MP: 8/8
  2701 | D:5      | Reached **** piety under Okawaru
  2704 | D:5      | Noticed Blork the orc
  2718 | D:5      | Killed Blork the orc
  2762 | D:5      | Found Voyt's General Store.
  2767 | D:5      | Bought a scroll of identify for 20 gold pieces
  3151 | D:5      | Noticed Prince Ribbit
  3172 | D:5      | Killed Prince Ribbit
  3172 | D:5      | Reached skill level 4 in Fighting
  3172 | D:5      | Reached skill level 3 in Throwing
  3172 | D:5      | Reached skill level 4 in Dodging
  3172 | D:5      | Reached skill level 3 in Invocations
  3187 | D:5      | Noticed Pikel
  3196 | D:5      | Killed Pikel
  3196 | D:5      | Reached ***** piety under Okawaru
  3196 | D:5      | Reached XP level 9. HP: 36/85 MP: 7/10
  3432 | D:6      | Reached skill level 4 in Throwing
  3432 | D:6      | Reached skill level 4 in Invocations
  3593 | D:6      | Found a blossoming altar of Fedhas.
  3758 | D:6      | Found Gubiokhlaniu's Antique Armour Emporium.
  3787 | D:6      | Found an ornate altar of the Wu Jian Council.
  4211 | D:7      | Reached skill level 5 in Dodging
  4241 | D:7      | Reached skill level 5 in Fighting
  4554 | D:7      | Noticed Menkaure
  4559 | D:7      | Killed Menkaure
  4559 | D:7      | Received a gift from Okawaru
  4562 | D:7      | Got a wizard robe {god gift}
  4595 | D:7      | Identified the +2 robe of the Bells {+Fly MP+9 Str+2} (Okawaru gifted it to you on level 7 of the Dungeon)
  4719 | D:7      | Found a staircase to the Ecumenical Temple.
  4927 | D:7      | Found a radiant altar of Vehumet.
  4927 | D:7      | Found a burning altar of Makhleb.
  5556 | D:8      | Noticed a two-headed ogre
  5595 | D:8      | Reached skill level 5 in Throwing
  5595 | D:8      | Reached skill level 5 in Invocations
  5656 | D:8      | Killed a two-headed ogre
  5656 | D:8      | Reached XP level 10. HP: 94/98 MP: 13/13
  5880 | D:8      | Reached skill level 6 in Fighting
  5880 | D:8      | Reached skill level 6 in Dodging
  6512 | D:9      | Reached skill level 6 in Throwing
  6552 | D:9      | Reached skill level 9 in Unarmed Combat
  6577 | D:9      | Found a hide-covered altar of Uskayaw.
  6604 | D:9      | Found a shattered altar of Ashenzari.
  7145 | D:9      | Reached skill level 7 in Dodging
  7207 | D:10     | Entered Level 10 of the Dungeon
  7339 | D:10     | Noticed a two-headed ogre
  7349 | D:10     | Killed a two-headed ogre
  7349 | D:10     | Reached skill level 10 in Unarmed Combat
  7349 | D:10     | Reached XP level 11. HP: 105/105 MP: 14/14
  7355 | D:10     | Received a gift from Okawaru
  7384 | D:10     | Found a staircase to the Lair.
  7890 | D:10     | Noticed a tengu warrior
  7897 | D:10     | Killed a tengu warrior
  7989 | D:10     | Noticed a two-headed ogre
  7997 | D:10     | Killed a two-headed ogre
  8056 | D:10     | Reached skill level 8 in Dodging
  8132 | D:10     | Learned a level 2 spell: Song of Slaying
  8136 | D:10     | Learned a level 3 spell: Regeneration
  8139 | D:10     | Learned a level 2 spell: Passwall
  8250 | D:11     | Noticed a two-headed ogre
  8255 | D:11     | Killed a two-headed ogre
  8290 | D:11     | Reached skill level 1 in Necromancy
  8410 | D:11     | Reached skill level 1 in Charms
  8415 | D:11     | Reached skill level 1 in Spellcasting
  8464 | D:11     | Received a gift from Okawaru
  8552 | D:12     | Reached skill level 11 in Unarmed Combat
  8578 | D:12     | Received a gift from Okawaru
  8578 | D:12     | Reached skill level 2 in Necromancy
  8589 | D:12     | Got a scorched quick blade {god gift}
  8590 | D:12     | Identified the +5 quick blade of the Blind Eye {drain, rElec rC+ Dex-2} (Okawaru gifted it to you on level 12 of the Dungeon)
  8736 | D:11     | Noticed a purple ugly thing
  8753 | D:11     | Killed a purple ugly thing
  8753 | D:11     | Reached skill level 2 in Charms
  8829 | D:11     | Found a portal to a secret trove of treasure.
  9112 | D:12     | Reached skill level 2 in Spellcasting
  9251 | Lair:1   | Entered Level 1 of the Lair of Beasts
  9320 | Lair:1   | Reached XP level 12. HP: 88/113 MP: 15/15
  9455 | Lair:1   | Reached skill level 3 in Necromancy
  9855 | Lair:2   | Received a gift from Okawaru
 11109 | Lair:2   | Noticed a six-headed hydra
 11117 | Lair:2   | Killed a six-headed hydra
 11117 | Lair:2   | Reached ****** piety under Okawaru
 11117 | Lair:2   | Reached skill level 3 in Charms
 11127 | Lair:2   | Learned a level 1 spell: Infusion
 11198 | Lair:2   | Reached skill level 9 in Dodging
 11213 | Lair:2   | Noticed a five-headed hydra
 11390 | Lair:2   | Reached skill level 3 in Spellcasting
 11540 | Lair:2   | Killed a five-headed hydra
 11917 | Lair:2   | Found a staircase to the Swamp.
 12191 | Lair:3   | Reached skill level 7 in Fighting
 12195 | Lair:3   | Reached skill level 7 in Throwing
 12286 | Lair:3   | Noticed a five-headed hydra
 12293 | Lair:3   | Killed a six-headed hydra
 12364 | Lair:3   | Noticed a death yak
 12366 | Lair:3   | Noticed a death yak
 12776 | Lair:3   | Noticed a death yak
 12777 | Lair:3   | Noticed a death yak
 12778 | Lair:3   | Noticed a death yak
 12779 | Lair:3   | Noticed a death yak
 12784 | Lair:3   | Killed a death yak
 12795 | Lair:3   | Killed a death yak
 12800 | Lair:3   | Killed a death yak
 12809 | Lair:3   | Killed a death yak
 12812 | Lair:3   | Killed a death yak
 12812 | Lair:3   | Received a gift from Okawaru
 12812 | Lair:3   | Reached XP level 13. HP: 47/125 MP: 10/16
 13218 | Lair:3   | Reached skill level 8 in Throwing
 13220 | Lair:3   | Reached skill level 10 in Dodging
 13738 | Lair:4   | Reached skill level 8 in Fighting
 14387 | Lair:4   | Found a staircase to the Snake Pit.
 14545 | Lair:4   | HP: 6/126 [seven-headed hydra (11)]
 14546 | Lair:4   | Slain by a seven-headed hydra

Vault maps used:
D:1:      kb_arrival_jail
D:2:      okawaru_gym_becter, first_ration, uniq_sigmund
D:3:      feat_on_display
D:4:      lemuel_crystal_altar, st_stairs_6
D:5:      nicolae_overflow_hidden_temple, serial_shops, shop, grunt_decor_cap,
          uniq_edmund, uniq_prince_ribbit1, uniq_pikel, uniq_blork_the_orc
D:6:      nicolae_overflow_crystal_walls, kennysheep_mini_moat, serial_bayou,
          serial_bayou_lagoon_a, serial_bayou_crossing, serial_bayou_pond_b,
          serial_bayou_ford_a, serial_shops, shop
D:7:      grunt_temple_overflow_lords_of_destruction, temple_statues,
          uniq_menkaure
D:8:      kennysheep_spiral_hall, special_room
D:9:      ashenzari_altar_1, lemuel_crystal_altar
D:10:     minmay_lair_entry_lava, grunt_tengu_nest
D:11:     enter_trove_0
D:12:     orc_0_dummy
Lair:1:   serial_bayou_shore_a
Lair:2:   minmay_swamp_entry_worms, beast_lair_carwin_4
Lair:3:   serial_bayou_shore_b, serial_bayou_shore_b, lemuel_fruit_fields,
          grunt_megastairs_1
Lair:4:   dummy_snake_entry

Skill      XL: |  1  2  3  4  5  6  7  8  9 10 11 12 13 |
---------------+----------------------------------------+-----
Unarmed Combat | 6 8 10 11 | 11.4
Throwing       | 2 3 5 6 7 8 |  8.3
Invocations    | 2 3 5 |  5.9
Fighting       | 3 4 5 6 7 8 |  8.2
Dodging        | 3 4 5 7 8 9 10 | 10.2
Necromancy     | 2 3 |  3.0
Charms         | 2 3 |  3.0
Spellcasting   | 2 3 |  3.0
Stealth        | |  1.1

Action                   |  1- 3 |  4- 6 |  7- 9 | 10-12 | 13-15 || total
-------------------------+-------+-------+-------+-------+-------++-------
Melee: Unarmed           |    75 |   134 |   263 |   648 |   134 ||  1254
       Punch             |       |       |    11 |    38 |     7 ||    56
Throw: Throwing net      |       |       |     2 |     2 |       ||     4
       Tomahawk          |       |       |       |    46 |     1 ||    47
       Large rock        |       |       |       |    23 |     5 ||    28
 Cast: Song of Slaying   |       |       |       |     4 |     1 ||     5
       Infusion          |       |       |       |     4 |     1 ||     5
       Regeneration      |       |       |       |     1 |     1 ||     2
Invok: Heroism           |     1 |       |     7 |    15 |     1 ||    24
       Finesse           |       |       |     1 |     2 |       ||     3
Evoke: Wand              |       |       |     4 |    14 |     1 ||    19
  Use: Scroll            |       |       |    10 |     8 |       ||    18
       Potion            |       |       |     1 |       |       ||     1
 Stab: Sleeping          |     1 |     6 |     3 |     2 |       ||    12
       Distracted        |       |     1 |       |     1 |       ||     2
  Eat: Chunk             |    12 |    12 |    31 |    85 |    14 ||   154
       Ration            |       |       |       |     1 |       ||     1
Armor: Robe              |    27 |    26 |    37 |   106 |    26 ||   222
Dodge: Dodged            |    40 |    47 |   113 |   309 |    95 ||   604

Table legend:
 A = Spawn XP
 B = Non-spawn XP
 C = Spawn XP percentage of total XP
 D = Spawn monster count
 E = Non-spawn monster count
 F = Spawn count percentage of total count
 G = Total turns spent on level
                    A         B        C        D         E        F      G
               +---------+---------+-------+---------+---------+-------+---------
         Total |       0 |   45530 |   0.0 |       0 |     389 |   0.0 | 14546
               +---------+---------+-------+---------+---------+-------+---------
           D:1 |       0 |      41 |   0.0 |       0 |      22 |   0.0 |   636
           D:2 |       0 |     323 |   0.0 |       0 |      30 |   0.0 |   645
           D:3 |       0 |     225 |   0.0 |       0 |      26 |   0.0 |   454
           D:4 |       0 |     253 |   0.0 |       0 |      11 |   0.0 |   632
           D:5 |       0 |    1977 |   0.0 |       0 |      30 |   0.0 |   941
           D:6 |       0 |     835 |   0.0 |       0 |      17 |   0.0 |   882
           D:7 |       0 |     633 |   0.0 |       0 |      16 |   0.0 |  1033
           D:8 |       0 |    2828 |   0.0 |       0 |      44 |   0.0 |  1183
           D:9 |       0 |    3207 |   0.0 |       0 |      49 |   0.0 |   813
          D:10 |       0 |    4209 |   0.0 |       0 |      39 |   0.0 |  1052
          D:11 |       0 |    5292 |   0.0 |       0 |      23 |   0.0 |   845
          D:12 |       0 |    1614 |   0.0 |       0 |      10 |   0.0 |   135
        Lair:1 |       0 |    2592 |   0.0 |       0 |      11 |   0.0 |  1307
        Lair:2 |       0 |    7137 |   0.0 |       0 |      22 |   0.0 |  1524
        Lair:3 |       0 |   11006 |   0.0 |       0 |      25 |   0.0 |  1428
        Lair:4 |       0 |    3358 |   0.0 |       0 |      14 |   0.0 |  1036
               +---------+---------+-------+---------+---------+-------+---------
